 Dungeon Crawl Stone Soup version 0.31-a0-218-g813d01f837 (webtiles) character file.

Game seed: 5106497650594261137

108 qw the Chopper (level 4, -2/28 HPs)
             Began as a Gargoyle Fighter on July 3, 2023.
             Blown up by Ijyb (4 damage)
             ... with a mindburst bolt
             ... on level 3 of the Dungeon.
             The game lasted 00:01:17 (2016 turns).

qw the Chopper (Gargoyle Fighter)                   Turns: 2016, Time: 00:01:18

Health: -2/28      AC: 11    Str: 20    XL:     4   Next: 87%
Magic:  4/4        EV:  9    Int: 13    God:
Gold:   112        SH:  4    Dex:  8    Spells: 3/3 levels left

rFire   . . .        Y - +1 war axe
rCold   . . .        c - +0 buckler
rNeg    + . .        b - +0 scale mail
rPois   inf          (no helmet)
rElec   +            (no cloak)
rCorr   .            (no gloves)
SInv    .            h - +0 pair of boots
Will    .....        (no amulet) Stlth
                     (no ring)
HPRegen 0.24/turn    (no ring)
MPRegen 0.09/turn

%: no passive effects
@: flying
A: sickness immunity, AC +3, negative energy resistance 1, electricity
resistance, torment resistance 1, petrification resistance, big wings, clever 1
a: no special abilities


You were on level 3 of the Dungeon.
You visited 1 branch of the dungeon, and saw 3 of its levels.

You collected 112 gold pieces.


Innate Abilities, Weirdness & Mutations

You are immune to sickness and miasma.
Your stone body is resilient. (AC +3)
You are immune to poison.
You resist negative energy. (rN+)
You are resistant to electric shocks. (rElec)
You are resistant to unholy torment.
You are immune to petrification.
Your large and strong wings let you fly.
Your mind is acute. (Int +4, Str/Dex -1)


   Skills:
 - Level 3.2 Fighting
 + Level 4.4 Axes
 - Level 3.2 Armour
 - Level 3.2 Shields


You had 3 spell levels left.
You didn't know any spells.
Your spell library was empty.

Inventory:

Hand Weapons
 o - a +0 whip
 Y - a +1 war axe (weapon)
Armour
 b - a +0 scale mail (worn)
 c - a +0 buckler (worn)
 h - a +0 pair of boots (worn)
Jewellery
 e - a ring of positive energy
Scrolls
 a - a scroll of identify
Potions
 d - a potion of might
 f - a potion of heal wounds {unknown}
 g - a potion of curing
 i - a potion of degeneration {unknown}
 m - a potion of lignification {unknown}

Dungeon Overview and Level Annotations

Branches:
Dungeon (3/15)

Altars:

Annotations:
D:3 Ijyb


Message History

Ijyb closely misses you.
You closely miss Ijyb.
Ijyb is moderately wounded.
Ijyb barely misses you.
You barely miss Ijyb.
Ijyb is moderately wounded.
Ijyb hits you with a +0 dagger. The gnoll hits you but does no damage.
A dart slug comes into view.
Ijyb hits you but does no damage. The gnoll hits you but does no damage.
You hit Ijyb but do no damage.
Ijyb is moderately wounded.
Ijyb zaps a wand.
Your mind is blasted!
The gnoll barely misses you.
You hit Ijyb but do no damage.
Ijyb is moderately wounded.
Ijyb hits you with a +0 dagger.
The gnoll hits you from afar with a +0 spear.
You hit Ijyb but do no damage.
Ijyb is moderately wounded.
You block Ijyb's attack. You block the gnoll's attack. You block Ijyb's attack.
The gnoll barely misses you.
You closely miss Ijyb.
Ijyb is moderately wounded.
Ijyb closely misses you. The gnoll hits you but does no damage.
You barely miss Ijyb.
Ijyb is moderately wounded.
Ijyb zaps a wand.
Your mind is blasted!
Ouch! That really hurt!
The gnoll hits you but does no damage.
You closely miss Ijyb.
Ijyb is moderately wounded.
Ijyb hits you with a +0 dagger. The gnoll hits you but does no damage.
You block Ijyb's attack.
The gnoll hits you from afar with a +0 spear.
You barely miss Ijyb.
Ijyb is moderately wounded.
Ijyb closely misses you. The gnoll barely misses you.
You slash Ijyb!
Ijyb is heavily wounded.
Ijyb zaps a wand.
Your mind is blasted!
You die...

## #####..### #.# #.. #
#.## #.# . ... #.# #.#
##.. ...
####.#######.###.....
#####............... ..
....(.##.######...##.##..
########.##.......gw.....
#.##.###...##.....
#.##.###.@## ...
#.....##g## # ####..##.#
#..##.####...
#............
##.#........#
#..:..###..# ##....# ..
#....#


You could see Ijyb, a gnoll and a dart slug.

Vanquished Creatures
  3 adders
  A worm (D:3)
  5 dart slugs
  6 ball pythons
  5 endoplasms
  5 giant cockroaches
  4 goblins
  4 hobgoblins
  10 jackals
  4 quokkas
  3 bats
  3 frilled lizards
  7 kobolds
  5 rats
65 creatures vanquished.

Notes
Turn   | Place    | Note
-------+----------+-------------------------------------------
     0 | D:1      | qw the Gargoyle Fighter began the quest for the Orb.
     0 | D:1      | Reached XP level 1. HP: 14/14 MP: 1/1
     0 | D:1      | 0 ||| qw: Version: 0.3-a-40-ge99b1a8
     0 | D:1      | 0 ||| qw: Game counter: 313
     0 | D:1      | 0 ||| qw: Melee chars always use a shield: true
     0 | D:1      | 0 ||| qw: God list: Okawaru
     0 | D:1      | 0 ||| qw: Allow faded altars: false
     0 | D:1      | 0 ||| qw: Do Orc after clearing Dungeon:15 true
     0 | D:1      | 0 ||| qw: Do second Lair branch before Depths: true
     0 | D:1      | 0 ||| qw: Lair rune preference: random
     0 | D:1      | 0 ||| qw: Goals: Normal, Zot:1-4, Slime:5, God:TSO, Crypt,
                  | Tomb, Abyss, Pan, Hells, Win
     0 | D:1      | 0 ||| PLANNING D:1-11
   104 | D:1      | Reached skill level 2 in Axes
   112 | D:1      | 112 ||| Stepping ~*~*~tactically~*~*~ (hiding).
   169 | D:1      | Reached XP level 2. HP: 18/19 MP: 2/2
   268 | D:1      | 268 ||| Stepping ~*~*~tactically~*~*~ (stealth).
   269 | D:1      | 269 ||| Stepping ~*~*~tactically~*~*~ (stealth).
   270 | D:1      | 270 ||| Stepping ~*~*~tactically~*~*~ (stealth).
   365 | D:1      | Reached skill level 3 in Axes
   431 | D:1      | Reached XP level 3. HP: 23/23 MP: 3/3
   541 | D:1      | 541 ||| Stepping ~*~*~tactically~*~*~ (stealth).
   609 | D:1      | 609 ||| DROPPING +0 club.
   739 | D:1      | 739 ||| DROPPING ring of wizardry.
   740 | D:1      | 740 ||| READING scroll labelled HUTAOSOQEZO.
   741 | D:1      | 741 ||| READING scroll labelled AKHLYA AG XODE.
   742 | D:1      | 742 ||| READING scroll labelled KOTANL XUX CYK.
   746 | D:1      | 746 ||| READING scroll labelled CIUHEW KEDI.
   747 | D:1      | 747 ||| READING scroll labelled FEAROO HASISM.
   748 | D:1      | 748 ||| DRINKING 2 murky orange potions.
   748 | D:1      | Gained mutation: You expend magic power (3 MP) to
                  | strengthen your wands. [potion of mutation]
   748 | D:1      | Gained mutation: Potions are less effective at restoring
                  | your health. [potion of mutation]
   749 | D:1      | 749 ||| DRINKING potion of mutation.
   749 | D:1      | Lost mutation: Potions are less effective at restoring your
                  | health. [potion of mutation]
   749 | D:1      | Lost mutation: You expend magic power (3 MP) to strengthen
                  | your wands. [potion of mutation]
   749 | D:1      | Gained mutation: Your large and strong wings let you fly.
                  | [potion of mutation]
   749 | D:1      | Gained mutation: Your mind is acute. (Int +4, Str/Dex -1)
                  | [potion of mutation]
   775 | D:2      | 775 ||| STAIRDANCE
   798 | D:2      | 798 ||| STAIRDANCE
   900 | D:2      | Reached XP level 4. HP: 28/28 MP: 4/4
   947 | D:2      | 947 ||| Stepping ~*~*~tactically~*~*~ (stealth).
  1066 | D:2      | 1066 ||| Stepping ~*~*~tactically~*~*~ (stealth).
  1076 | D:2      | 1076 ||| Stepping ~*~*~tactically~*~*~ (stealth).
  1077 | D:2      | 1077 ||| Stepping ~*~*~tactically~*~*~ (stealth).
  1105 | D:2      | 1105 ||| Stepping ~*~*~tactically~*~*~ (stealth).
  1165 | D:2      | 1165 ||| Stepping ~*~*~tactically~*~*~ (stealth).
  1170 | D:2      | Reached skill level 4 in Axes
  1567 | D:2      | 1567 ||| UPGRADING to +0 pair of boots.
  1572 | D:2      | 1572 ||| READING 2 scrolls labelled AWULOKHL VIAHOP.
  1573 | D:2      | 1573 ||| READING scroll labelled ROUCIO DUVIGAMAI.
  1574 | D:2      | 1574 ||| DRINKING 2 bubbling white potions.
  1663 | D:3      | 1663 ||| Stepping ~*~*~tactically~*~*~ (stealth).
  1970 | D:3      | Noticed Ijyb
  1971 | D:3      | 1971 ||| Stepping ~*~*~tactically~*~*~ (stealth).
  1973 | D:3      | 1973 ||| Stepping ~*~*~tactically~*~*~ (stealth).
  1975 | D:3      | 1975 ||| Stepping ~*~*~tactically~*~*~ (stealth).
  1977 | D:3      | 1977 ||| Stepping ~*~*~tactically~*~*~ (stealth).
  1979 | D:3      | 1979 ||| Stepping ~*~*~tactically~*~*~ (stealth).
  1981 | D:3      | 1981 ||| Stepping ~*~*~tactically~*~*~ (stealth).
  1983 | D:3      | 1983 ||| Stepping ~*~*~tactically~*~*~ (stealth).
  1985 | D:3      | 1985 ||| Stepping ~*~*~tactically~*~*~ (stealth).
  1987 | D:3      | 1987 ||| Stepping ~*~*~tactically~*~*~ (stealth).
  1988 | D:3      | 1988 ||| Stepping ~*~*~tactically~*~*~ (stealth).
  2002 | D:3      | 2002 ||| Stepping ~*~*~tactically~*~*~ (hiding).
  2003 | D:3      | 2003 ||| Stepping ~*~*~tactically~*~*~ (hiding).
  2004 | D:3      | 2004 ||| Stepping ~*~*~tactically~*~*~ (hiding).
  2013 | D:3      | HP: 6/28 [disintegration (15)]
  2014 | D:3      | HP: 1/28 [gnoll/+0 spear (4)]
  2016 | D:3      | Blown up by Ijyb

Levels and vault maps discovered:
D:1:      minmay_arrival_split_and_join, layout_basic
D:2:      layout_basic
D:3:      layout_loops_ring, ebering_ghost_reflecting_pool,
          hangedman_decor_peaks_small, nicolae_kite_square_tiling_tiny,
          uniq_jessica, uniq_ijyb

Skill      XL: |  1  2  3  4 |
---------------+-------------+-----
Axes           | 2 3 4 |  4.4
Fighting       | |  3.2
Armour         | |  3.2
Shields        | |  3.2

Action                     |  1- 3 |  4- 6 || total
---------------------------+-------+-------++-------
  Melee: War axe           |    95 |   103 ||   198
    Use: Scroll            |     5 |     2 ||     7
         Potion            |     2 |     1 ||     3
 Armour: Scale mail        |    61 |    47 ||   108
  Dodge: Dodged            |    47 |    40 ||    87
  Block: Buckler           |    25 |    17 ||    42

Table legend:
 A = Non-vault XP
 B = Vault XP
 C = Vault XP percentage of total XP
 D = Non-vault monster count
 E = Vault monster count
 F = Vault count percentage of total count
                 A         B        C        D         E       F
            +---------+---------+-------+---------+---------+-------
      Total |     155 |       0 |   0.0 |      65 |       0 |   0.0
            +---------+---------+-------+---------+---------+-------
        D:1 |      58 |       0 |   0.0 |      32 |       0 |   0.0
        D:2 |      62 |       0 |   0.0 |      22 |       0 |   0.0
        D:3 |      35 |       0 |   0.0 |      11 |       0 |   0.0
            +---------+---------+-------+---------+---------+-------
